 Dungeon Crawl Stone Soup version 0.28.0-53-g5a82cb258f (webtiles) character file.

Game seed: 7597177028237034830

292 Atelerd the Digger (level 6, -7/37 HPs)
             Began as an Octopode Earth Elementalist on June 11, 2022.
             Mangled by a water moccasin (8 damage)
             ... on level 4 of the Dungeon.
             The game lasted 00:05:19 (4273 turns).

Atelerd the Digger (Octopode Earth Elementalist)    Turns: 4273, Time: 00:05:20

Health: -7/37      AC:  1    Str:  7    XL:     6   Next: 33%
Magic:  12/12      EV: 13    Int: 19    God:
Gold:   70         SH:  0    Dex: 15    Spells: 12/13 levels left

rFire   . . .      SeeInvis .   k - +0 short sword (freeze)
rCold   . . .      Faith    .   (no shield)
rNeg    . . .      Spirit   .   (helmet restricted)
rPois   .          Reflect  .   (no amulet)
rElec   .          Harm     .   (no ring)
rCorr   .          Rampage  .   (no ring)
Will    .....                   (no ring)
Stlth   +++.......              (no ring)
HPRegen 0.12/turn               (no ring)
MPRegen 0.13/turn               (no ring)
                                (no ring)
                                (no ring)

@: brilliant, lethally poisoned (-7 -> -21), unable to read
A: almost no armour, amphibious, 8 rings, camouflage 1, gelatinous body 1,
(nimble swimmer 1), tentacles, agile 1, inability to read while threatened
a: no special abilities


You were on level 4 of the Dungeon.
You visited 1 branch of the dungeon, and saw 4 of its levels.

You collected 140 gold pieces.
You spent 70 gold pieces at shops.

Inventory:

Hand Weapons
 d - a +2 dagger of speed
 k - a +0 short sword of freezing (weapon)
Missiles
 b - 13 stones
Scrolls
 e - a scroll of fear {unknown}
 f - 2 scrolls of immolation {unknown}
 g - 2 scrolls of blinking {unknown}
 h - 2 scrolls of holy word {unknown}
 j - 2 scrolls of noise {unknown}
 m - 5 scrolls of identify {unknown}
 n - a scroll of teleportation {unknown}
 r - a scroll of enchant armour {unknown}
 s - a scroll of torment {unknown}
Potions
 a - 2 potions of flight
 c - a potion of brilliance
 o - a potion of degeneration {unknown}
 p - a potion of berserk rage {unknown}


   Skills:
 - Level 0.5 Fighting
 - Level 1.5 Short Blades
 - Level 2.0 Dodging
 + Level 2.6 Stealth
 + Level 4.1 Spellcasting
 * Level 1.0 Transmutations
 + Level 5.2 Earth Magic


You had 12 spell levels left.
You knew the following spells:

 Your Spells              Type           Power      Damage    Failure   Level
a - Sandblast             Erth           70%        2d15      1%          1

Your spell library contained the following spells:

 Spells                   Type           Power      Damage    Failure   Level
 Passwall                 Tmut/Erth      19%        N/A       6%          2
 Slow                     Hex            20%        N/A       14%         1
 Stone Arrow              Conj/Erth      40%        3d9       14%         3
 Ignite Poison            Fire/Tmut/Pois 7%         N/A       34%         3
 Petrify                  Tmut/Erth      23%        N/A       36%         4
 Confusing Touch          Hex            5%         N/A       38%         3
 Mephitic Cloud           Conj/Pois/Air  5%         N/A       38%         3
 Vampiric Draining        Necr           5%         2d6       38%         3
 Freezing Cloud           Conj/Ice/Air   2%         6-21      98%         5


Dungeon Overview and Level Annotations

Branches:
Dungeon (4/15)             Temple (0/1) D:4

Altars:
Beogh

Shops:
D:1 :   D:2 !


Innate Abilities, Weirdness & Mutations

You cannot wear most types of armour.
You are amphibious.
You can wear up to eight rings at the same time.
Your skin changes colour to match your surroundings (Stealth+).
Your rubbery body absorbs attacks. (AC +1, EV +1)
((You are camouflaged when in or above water. (Stealth+)))
You have tentacles for arms and can constrict up to eight enemies at once.
You are agile. (Dex +2)
You sometimes lose the ability to read scrolls when taking damage.


Message History

The water moccasin poisons you!
You barely miss the water moccasin. Your grab misses the water moccasin.
Your squeeze misses the water moccasin.
You feel very sick. The water moccasin bites you.
Casting: Sandblast (safe; 1% risk of failure)
Confirm with . or Enter, or press ? or * to list all spells.
Okay, then.
Okay, then.
Okay, then.
Okay, then.
Casting: Sandblast (safe; 1% risk of failure)
Confirm with . or Enter, or press ? or * to list all spells.
Aiming: Sandblast (safe; 1% risk of failure)
Press: ? - help, Shift-Dir - straight line, f - water moccasin
Aim: a water moccasin (68% to hit)
The blast of sand hits the water moccasin!
The water moccasin is moderately wounded.
You feel very sick. The water moccasin bites you.
You are lethally poisoned!
The water moccasin poisons you! The water moccasin bites you.
It was a potion of brilliance.
You feel clever all of a sudden.
* * * LOW HITPOINT WARNING * * *
You feel very sick. The water moccasin closely misses you.
It was a potion of mutation.
You feel extremely strange.
You lose the ability to read scrolls when threatened.
You feel agile.
* * * LOW HITPOINT WARNING * * *
You feel very sick. The water moccasin misses you.
Okay, then.
It was a potion of magic.
Magic courses through your body.
* * * LOW HITPOINT WARNING * * *
You feel very sick. The water moccasin bites you!
You feel threatened and lose the ability to read scrolls!
You die...

#.≈≈§≈≈.#.......
#≈≈§≈§≈≈########
#≈≈§>≈§≈#
#≈≈≈≈≈≈§#
#.≈§§≈≈.#
#..≈≈≈..#
#.....###
########.####
#..gS@...#
#...###### #..
#. .. .#


You could see a water moccasin and a goblin.

Vanquished Creatures
  A centaur zombie (D:3)
  A hound (D:4)
  An orc wizard (D:4)
  Robin (D:3)
  12 adders
  3 dart slugs
  7 orcs
  3 endoplasms
  A giant cockroach (D:4)
  11 goblins
  9 hobgoblins
  2 jackals (D:3)
  3 kobolds
  3 quokkas
  4 ball pythons
  8 bats
  3 frilled lizards
  A quokka skeleton (D:2)
  2 rats
76 creatures vanquished.

Notes
Turn   | Place    | Note
-------+----------+-------------------------------------------
     0 | D:1      | Atelerd the Octopode Earth Elementalist began the quest for
                  | the Orb.
     0 | D:1      | Reached XP level 1. HP: 11/11 MP: 3/3
   317 | D:1      | Reached XP level 2. HP: 17/17 MP: 5/5
   334 | D:1      | Found Gotuch's Book Boutique.
  1063 | D:2      | Reached XP level 3. HP: 21/21 MP: 4/6
  1307 | D:2      | Reached skill level 4 in Earth Magic
  1313 | D:2      | HP: 1/21 [goblin/+0 club (3)]
  1755 | D:2      | Reached XP level 4. HP: 27/27 MP: 4/8
  2062 | D:2      | Found Loivih's Distillery.
  2066 | D:2      | Bought a potion of heal wounds for 70 gold pieces
  2267 | D:2      | Reached XP level 5. HP: 31/31 MP: 9/9
  2676 | D:3      | Reached skill level 1 in Short Blades
  2698 | D:3      | Noticed Robin
  3773 | D:3      | Killed Robin
  4039 | D:3      | Found a faded altar of an unknown god.
  4116 | D:4      | Reached skill level 5 in Earth Magic
  4116 | D:4      | Reached XP level 6. HP: 37/37 MP: 6/11
  4253 | D:4      | Found a staircase to the Ecumenical Temple.
  4265 | D:4      | Noticed a water moccasin
  4272 | D:4      | Gained mutation: You sometimes lose the ability to read
                  | scrolls when taking damage. [potion of mutation]
  4272 | D:4      | Gained mutation: You are agile. (Dex +2) [potion of
                  | mutation]
  4273 | D:4      | HP: 1/37 [poisoned by a water moccasin]
  4273 | D:4      | Mangled by a water moccasin

Illustrated notes

Levels and vault maps discovered:
D:1:      minmay_arrival_wavy_path, layout_basic, serial_shops, shop
D:2:      minmay_razor_zed, layout_loops_corners, serial_shops, shop,
          grunt_ministairs_8
D:3:      layout_basic, hellmonk_ecumenical_altar_defaced_shrine, uniq_robin
D:4:      layout_basic, zin_academy, nicolae_elyvilon_peaceful_grove,
          minmay_temple_entry_mist, minmay_ruptured

Skill      XL: |  1  2  3  4  5  6 |
---------------+-------------------+-----
Earth Magic    | 4 5 |  5.2
Spellcasting   | 3 4 |  4.1
Short Blades   | 1 |  1.5
Fighting       | |  0.5
Dodging        | |  2.0
Stealth        | |  2.6
Transmutations | |  1.0

Action                   |  1- 3 |  4- 6 || total
-------------------------+-------+-------++-------
Melee: Dagger            |    12 |       ||    12
       Tentacles         |     6 |    11 ||    17
       Constrict         |     5 |    14 ||    19
       Unarmed           |     1 |       ||     1
       Short sword       |    12 |    53 ||    65
       Punch             |     1 |     1 ||     2
Throw: Stone             |       |     1 ||     1
 Cast: Sandblast         |    16 |    59 ||    75
  Use: Potion            |       |     5 ||     5
 Stab: Sleeping          |     5 |     3 ||     8
Armor: Skin              |     2 |     7 ||     9
Dodge: Dodged            |    25 |    70 ||    95
